 Dungeon Crawl Stone Soup version 0.29-a0-563-g64e4043 (webtiles) character file.

Game seed: 17055864688437553692

43202 Dawnplanks the Blocker (level 13, -1/117 HPs)
             Began as a Minotaur Fighter on June 11, 2022.
             Was a High Priest of Okawaru.
             Killed from afar by a molten gargoyle (24 damage)
             ... with a bolt of magma
             ... on level 6 of the Lair of Beasts.
             The game lasted 00:38:43 (17882 turns).

Dawnplanks the Blocker (Minotaur Fighter)          Turns: 17882, Time: 00:38:44

Health: -1/117     AC: 25    Str: 29    XL:     13   Next: 89%
Magic:  10/19      EV: 17    Int:  5    God:    Okawaru [*****.]
Gold:   850        SH: 20    Dex: 13    Spells: 12/12 levels left

rFire   . . .      SeeInvis .   I - +4 whip (venom)
rCold   . . .      Faith    .   O - +0 kite shield of the Keeping Gods {+Inv Dex+3 Slay+3}
rNeg    + . .      Spirit   .   P - +3 chain mail
rPois   .          Reflect  +   (helmet unavailable)
rElec   .          Harm     .   R - +0 cloak
rCorr   .          Rampage  .   T - +2 pair of gloves {Str+3}
Will    .....                   v - +0 pair of boots
Stlth   ..........              o - amulet of reflection
HPRegen 0.29/turn               a - ring of positive energy
MPRegen 0.16/turn               G - +4 ring of evasion

@: heroic, finesse-ful
A: horns 3, retaliatory headbutt, high MP 1
a: Renounce Religion, Evoke Invisibility, Heroism, Finesse, Duel


You were on level 6 of the Lair of Beasts.
You worshipped Okawaru.
Okawaru was extremely pleased with you.
You visited 3 branches of the dungeon, and saw 17 of its levels.

You collected 1106 gold pieces.
You spent 256 gold pieces at shops.

Inventory:

Hand Weapons
 I - a +4 whip of venom (weapon)
Missiles
 r - a throwing net (quivered)
Armour
 b - +0 acid dragon scales
 v - a +0 pair of boots (worn)
 J - a +2 chain mail of cold resistance
 O - the +0 kite shield of the Keeping Gods (worn) {+Inv Dex+3 Slay+3}
   (You bought it in a shop on level 9 of the Dungeon)

   Dex:       It affects your dexterity (+3).
   Slay:      It affects your accuracy & damage with ranged weapons and melee
   (+3).
   +Inv:      It lets you turn invisible.
 P - a +3 chain mail (worn)
 R - a +0 cloak (worn)
 S - the +1 ring mail "Wouttat" {rC++ Will-}
   (Okawaru gifted it to you on level 6 of the Lair of Beasts)

   rC:        It greatly protects you from cold.
   Will:      It decreases your willpower.
 T - a +2 pair of gloves of strength (worn)
Jewellery
 a - a ring of positive energy (left hand)
 j - a ring of wizardry
 k - a ring of resist corrosion
 o - an amulet of reflection (around neck)
 s - a ring of see invisible
 x - a ring of ice
 G - a +4 ring of evasion (right hand)
Wands
 m - a wand of flame (35)
 y - a wand of acid (13)
 C - a wand of iceblast (7)
 F - a wand of digging (7)
 Q - a wand of paralysis (2)
Scrolls
 g - 3 scrolls of noise
 h - 5 scrolls of immolation
 q - 4 scrolls of teleportation
 t - a scroll of summoning
 u - 4 scrolls of poison
 w - 5 scrolls of magic mapping
 D - 4 scrolls of blinking
 E - 4 scrolls of fear
 L - a scroll of silence
 M - 2 scrolls of enchant weapon
 N - a scroll of fog {unknown}
Potions
 c - a potion of cancellation
 d - 3 potions of might
 e - 2 potions of mutation
 i - a potion of ambrosia {unknown}
 l - 2 potions of resistance {unknown}
 n - 7 potions of curing
 p - 6 potions of flight
 z - 7 potions of brilliance
 A - 4 potions of heal wounds
 B - a potion of haste
 H - 2 potions of attraction
 U - 2 potions of magic {unknown}
Miscellaneous
 f - a condenser vane
 K - a tin of tremorstones (2/2)


   Skills:
 + Level 11.6(16.6) Fighting
 + Level 6.1(15.8) Axes
 + Level 13.8(19.3) Maces & Flails
 + Level 13.2(18.2) Armour
 + Level 6.3(11.3) Dodging
 + Level 14.9(19.9) Shields
 * Level 7.9 Invocations


You had 12 spell levels left.
You didn't know any spells.
Your spell library contained the following spells:

 Spells                   Type           Power      Damage    Failure   Level
 Apportation              Tloc           0%         N/A       91%         1
 Foxfire                  Conj/Fire      0%         2x1d4     91%         1
 Ensorcelled Hibernation  Hex/Ice        0%         N/A       97%         2
 Passwall                 Tmut/Erth      0%         N/A       97%         2
 Poisonous Vapours        Pois/Air       0%         N/A       97%         2
 Static Discharge         Conj/Air       0%         N/A       97%         2
 Sublimation of Blood     Necr           0%         N/A       97%         2
 Spider Form              Tmut/Pois      0%         N/A       100%        3
 Swiftness                Air            0%         N/A       100%        3
 Anguish                  Hex/Necr       0%         N/A       100%        4
 Corpse Rot               Necr/Pois/Air  0%         N/A       100%        4
 Dispel Undead            Necr           0%         3d6       100%        4
 Petrify                  Tmut/Erth      0%         N/A       100%        4
 Sticky Flame             Conj/Fire      0%         2d3       100%        4
 Alistair's Intoxication  Tmut/Pois      0%         N/A       100%        5
 Fireball                 Conj/Fire      0%         3d3       100%        5
 Irradiate                Conj/Tmut      0%         3d13      100%        5
 Starburst                Conj/Fire      0%         6d3       100%        6
 Ignition                 Fire           0%         3d3       100%        8
 Chain Lightning          Conj/Air       0%         N/A       100%        9


Dungeon Overview and Level Annotations

Branches:
Dungeon (10/15)            Temple (1/1) D:6            Lair (6/6) D:8
 Shoals (0/4) Lair:2
  Snake: Lair:2-4    Spider: Lair:2-4     Slime: Lair:5-6       Orc: D:9-12

Altars:
Cheibriados
Dithmenos
Elyvilon
Hepliaklqana
Makhleb
Okawaru
Qazlal
Ru
Trog
Uskayaw
Wu Jian
Xom
Yredelemnul
Zin

Shops:
D:6 !   D:9 [


Innate Abilities, Weirdness & Mutations

You have a pair of large horns on your head.
You reflexively headbutt those who attack you in melee.
You have an increased reservoir of magic. (+10% MP)


Message History

The eight-headed hydra is almost dead.
You are engulfed in a cloud of scalding steam.
You block the eight-headed hydra's attack.
The eight-headed hydra closely misses you.
The eight-headed hydra completely misses you. x2
You block the eight-headed hydra's attack.
The eight-headed hydra closely misses you.
The eight-headed hydra bites you! x2
You are too injured to fight recklessly!
You are too injured to fight recklessly!
You are too injured to fight recklessly!
Unknown command.
You are too injured to fight recklessly!
You barely miss the eight-headed hydra. You headbutt the eight-headed hydra!
You kill the eight-headed hydra!
Okawaru is honoured by your kill.
You are engulfed in a cloud of scalding steam.
You barely miss the molten gargoyle.
Your headbutt misses the molten gargoyle.
You are engulfed in a cloud of scalding steam.
You hit the molten gargoyle.
The molten gargoyle is lightly damaged.
The molten gargoyle blasts magma at you!
The bolt of magma hits you! You block the molten gargoyle's attack.
The steam dragon closely misses you. You furiously retaliate!
You headbutt the steam dragon! The steam dragon misses you.
You hit the molten gargoyle. You headbutt the molten gargoyle.
The molten gargoyle is heavily damaged.
You completely miss the molten gargoyle.
The molten gargoyle is heavily damaged.
You hit the molten gargoyle but do no damage.
You headbutt the molten gargoyle, but do no damage.
The molten gargoyle is heavily damaged.
The molten gargoyle hits you with a +0 mace.
* * * LOW HITPOINT WARNING * * *
You are engulfed in flames!
* * * LOW HITPOINT WARNING * * *
The molten gargoyle blasts magma at you!
The bolt of magma hits you!!
You die...

≈# ##.≈≈#.........#.
≈≈######.≈≈.§.......####
#≈≈≈§§.≈≈#......#### #.
##≈≈≈§§§.§......## #.
#..≈≈≈###..#..8#8# ##.
.......#.§##8##### ##..
.......#§§§### ##...
......D.§#≈≈# ##P...
......§@##§≈≈# #P....
......998# ≈§# #.....
........## ≈# #.....
.....#.#. ≈≈ #...#.
....### # # #....# ≈≈.#
#†††## ≈≈≈ #####...# ##
#.P#..... #####........


You could see 2 molten gargoyles and a steam dragon.

Vanquished Creatures
  2 catoblepae
  2 two-headed ogres
  5 hydras
  2 centaur warriors (D:8)
  4 death yaks
  A fire crab (Lair:6)
  A lindwurm (Lair:5)
  2 deep elf pyromancers (D:9)
  An oklob plant (Lair:5)
  2 ugly things (D:8)
  10 elephants (Lair:6)
  Maurice (D:9)
  A torpor snail (Lair:5)
  5 black mambas (Lair:6)
  A molten gargoyle (Arena)
  Joseph (D:9)
  A gargoyle (D:8)
  5 cane toads
  A kobold demonologist (D:8)
  10 komodo dragons
  A merfolk (shapeshifter) (D:9)
  3 trolls
  A hornet (D:7)
  3 polar bears
  A slime creature (D:9)
  16 blink frogs
  4 dream sheep (Lair:6)
  A snapping turtle (Lair:2)
  A wraith (D:10)
  27 yaks
  8 wyverns
  Eustachio (D:5)
  4 basilisks
  3 vampire mosquitoes (D:10)
  A steam dragon (Lair:6)
  Menkaure (D:7)
  An acid dragon (D:8)
  21 water moccasins
  3 hell hounds (Lair:6)
  3 orc warriors
  A sky beast (D:8)
  2 ice beasts
  A black bear (D:5)
  19 wolves
  2 ogres
  4 centaurs
  2 kobold brigands (D:8)
  A phantom (D:5)
  12 bullfrogs
  3 gnoll sergeants
  5 scorpions
  2 necrophages (D:6)
  A killer bee (D:8)
  2 howler monkeys (D:9)
  2 electric eels (Lair:2)
  12 orc priests
  3 hounds
  3 jellies
  2 gnoll shamans
  5 iguanas
  17 orc wizards
  20 gnolls
  9 adders
  3 white imps
  5 worms
  3 dart slugs
  32 orcs
  5 bats
  6 endoplasms
  A giant cockroach (D:3)
  7 goblins
  5 hobgoblins
  7 jackals
  2 quokkas
  9 ball pythons
  2 frilled lizards (D:2)
  20 kobolds
  2 rats (D:2)
401 creatures vanquished.

Vanquished Creatures (others)
  A hell hound (Lair:6)
  10 fungi
  7 plants
18 creatures vanquished.

Grand Total: 419 creatures vanquished

Notes
Turn   | Place    | Note
-------+----------+-------------------------------------------
     0 | D:1      | Dawnplanks the Minotaur Fighter began the quest for the
                  | Orb.
     0 | D:1      | Reached XP level 1. HP: 19/19 MP: 0/0
    10 | D:1      | Found a faded altar of an unknown god.
   308 | D:1      | Reached XP level 2. HP: 23/27 MP: 1/1
   549 | D:1      | Reached skill level 4 in Shields
   675 | D:1      | Reached XP level 3. HP: 33/33 MP: 2/2
  1263 | D:2      | Reached skill level 1 in Axes
  1348 | D:2      | Found an ornate altar of the Wu Jian Council.
  1360 | D:2      | Reached XP level 4. HP: 40/40 MP: 3/3
  2270 | D:2      | Reached XP level 5. HP: 14/47 MP: 4/4
  2805 | D:3      | Found a white marble altar of Elyvilon.
  3302 | D:4      | Reached skill level 5 in Armour
  3385 | D:4      | Reached XP level 6. HP: 53/53 MP: 5/5
  3582 | D:4      | Reached skill level 1 in Dodging
  3748 | D:4      | Reached skill level 5 in Maces & Flails
  4500 | D:5      | Entered Level 5 of the Dungeon
  4525 | D:5      | Noticed an ice beast
  4535 | D:5      | Killed an ice beast
  4638 | D:5      | Found a bloodstained altar of Trog.
  4642 | D:5      | Reached XP level 7. HP: 60/60 MP: 6/6
  4655 | D:5      | Noticed Eustachio
  4669 | D:5      | Killed Eustachio
  4670 | D:5      | Reached skill level 5 in Shields
  5070 | D:5      | Reached skill level 5 in Fighting
  5206 | D:5      | Reached XP level 8. HP: 68/68 MP: 7/7
  5302 | D:5      | Reached skill level 5 in Axes
  5875 | D:6      | Found Ysidau Vaeka's Distillery.
  6062 | D:6      | Found a staircase to the Ecumenical Temple.
  6083 | Temple   | Entered the Ecumenical Temple
  6091 | Temple   | Became a worshipper of Warmaster Okawaru
  6172 | D:6      | Found a hide-covered altar of Uskayaw.
  6264 | D:6      | Reached skill level 6 in Shields
  6414 | D:6      | Reached * piety under Okawaru
  6532 | D:6      | Got Dispater's Incunabulum of Dusty Confrontation
  6854 | D:7      | Noticed Menkaure
  6863 | D:7      | Killed Menkaure
  6864 | D:7      | Reached XP level 9. HP: 34/75 MP: 5/8
  7623 | D:7      | Paralysed by a hornet for 2 turns
  7632 | D:7      | Paralysed by a hornet for 2 turns
  8631 | D:8      | Reached ** piety under Okawaru
  8800 | D:8      | Found a staircase to the Lair.
  8837 | D:8      | Reached skill level 1 in Invocations
  8842 | D:8      | Reached skill level 10 in Maces & Flails
  8844 | D:8      | Reached skill level 7 in Shields
  8860 | D:8      | Reached XP level 10. HP: 33/84 MP: 5/9
  9337 | D:8      | Noticed a purple ugly thing
  9337 | D:8      | Noticed a red ugly thing
  9354 | D:8      | Killed a purple ugly thing
  9354 | D:8      | Reached *** piety under Okawaru
  9363 | D:8      | Killed a purple ugly thing
  9381 | D:8      | Noticed a centaur warrior
  9382 | D:8      | Noticed a gargoyle
  9398 | D:8      | Killed a centaur warrior
  9399 | D:8      | Reached skill level 8 in Shields
  9403 | D:8      | Killed a gargoyle
  9403 | D:8      | Received a gift from Okawaru
  9802 | D:8      | Noticed a centaur warrior
  9811 | D:8      | Killed a centaur warrior
  9811 | D:8      | Reached **** piety under Okawaru
  9812 | D:8      | Reached skill level 10 in Armour
  9968 | D:8      | Noticed a two-headed ogre
  9976 | D:8      | Killed a two-headed ogre
 10175 | D:9      | Reached skill level 9 in Shields
 10308 | D:9      | Found a shadowy altar of Dithmenos.
 10349 | D:9      | Found Rosoe's Antique Armour Shoppe.
 10353 | D:9      | Noticed a deep elf pyromancer
 10363 | D:9      | Killed a deep elf pyromancer
 10364 | D:9      | Reached XP level 11. HP: 94/94 MP: 8/11
 10384 | D:9      | Bought a scorched kite shield for 256 gold pieces
 10384 | D:9      | Identified the +0 kite shield of the Keeping Gods {+Inv
                  | Dex+3 Slay+3} (You bought it in a shop on level 9 of the
                  | Dungeon)
 10436 | D:9      | Reached skill level 5 in Dodging
 10600 | D:9      | Reached ***** piety under Okawaru
 10601 | D:9      | Noticed Joseph
 10626 | D:9      | Noticed a lindwurm
 10626 | D:9      | a dream sheep changed into a lindwurm
 10664 | D:9      | Noticed a deep elf pyromancer
 10669 | D:9      | Noticed a death drake
 10669 | D:9      | a lindwurm changed into a death drake
 10681 | D:9      | Noticed a two-headed ogre
 10681 | D:9      | a death drake changed into a two-headed ogre
 10683 | D:9      | Killed Joseph
 10697 | D:9      | a two-headed ogre changed into a merfolk
 10700 | D:9      | Killed a deep elf pyromancer
 10700 | D:9      | Received a gift from Okawaru
 11193 | D:9      | Noticed Maurice
 11206 | D:9      | Killed Maurice
 11344 | D:10     | Entered Level 10 of the Dungeon
 11491 | D:10     | Reached skill level 10 in Shields
 11648 | D:10     | Noticed a two-headed ogre
 11657 | D:10     | Killed a two-headed ogre
 11828 | D:10     | Found a bloodstained altar of Trog.
 12087 | Lair:1   | Entered Level 1 of the Lair of Beasts
 12349 | Lair:1   | Received a gift from Okawaru
 12802 | Lair:1   | Reached skill level 11 in Shields
 13061 | Lair:2   | Reached XP level 12. HP: 84/104 MP: 14/14
 14016 | Lair:2   | Found a staircase to the Shoals.
 14348 | Lair:3   | Noticed a catoblepas
 14373 | Lair:3   | Killed a catoblepas
 14374 | Lair:3   | Reached skill level 12 in Shields
 14413 | Lair:3   | Noticed a seven-headed hydra
 14424 | Lair:3   | Killed a seven-headed hydra
 14425 | Lair:3   | Reached skill level 10 in Fighting
 14425 | Lair:3   | Reached skill level 5 in Invocations
 14556 | Lair:3   | Reached ****** piety under Okawaru
 14556 | Lair:3   | Received a gift from Okawaru
 14641 | Lair:3   | You fall into a shaft and drop 1 floor!
 14677 | Lair:4   | Noticed a catoblepas
 14690 | Lair:4   | Killed a catoblepas
 15097 | Lair:4   | Gained mutation: You expend magic power (3 MP) to
                  | strengthen your wands. [potion of mutation]
 15097 | Lair:4   | Gained mutation: You have a pair of large horns on your
                  | head. [potion of mutation]
 15098 | Lair:4   | Lost mutation: You expend magic power (3 MP) to strengthen
                  | your wands. [potion of mutation]
 15098 | Lair:4   | Lost mutation: You have a pair of large horns on your head.
                  | [potion of mutation]
 15098 | Lair:4   | Gained mutation: You are somewhat resistant to further
                  | mutation. [potion of mutation]
 15098 | Lair:4   | Gained mutation: Your spells are a little harder to cast,
                  | but a little more powerful. [potion of mutation]
 15099 | Lair:4   | Lost mutation: Your spells are a little harder to cast, but
                  | a little more powerful. [potion of mutation]
 15099 | Lair:4   | Lost mutation: You are somewhat resistant to further
                  | mutation. [potion of mutation]
 15099 | Lair:4   | Gained mutation: You have an increased reservoir of magic.
                  | (+10% MP) [potion of mutation]
 15099 | Lair:4   | Gained mutation: You have a pair of large horns on your
                  | head. [potion of mutation]
 15432 | Lair:5   | Reached skill level 13 in Shields
 15613 | Lair:5   | Noticed a five-headed hydra
 15625 | Lair:5   | Killed a five-headed hydra
 15872 | Lair:5   | Reached XP level 13. HP: 111/114 MP: 18/18
 16174 | Lair:5   | Identified the +1 kite shield "Ysetapris" {Harm rC- Str+4
                  | Int+4} (Okawaru gifted it to you on level 5 of the Lair of
                  | Beasts)
 16174 | Lair:5   | Received a gift from Okawaru
 16556 | Lair:6   | Entered Level 6 of the Lair of Beasts
 16633 | Lair:6   | Reached skill level 14 in Shields
 17526 | Lair:6   | Identified the +1 ring mail "Wouttat" {rC++ Will-} (Okawaru
                  | gifted it to you on level 6 of the Lair of Beasts)
 17526 | Lair:6   | Received a gift from Okawaru
 17827 | Arena    | Entered the Arena
 17882 | Lair:6   | Killed from afar by a molten gargoyle

Illustrated notes

Levels and vault maps discovered:
D:1:      heliophobic_arrival_battle_scene, layout_loops_cross,
          basic_ecumenical_altar, hangedman_glass_teeth
D:2:      kennysheep_big_flooded_room, layout_loops_corners, basic_altar
D:3:      layout_rooms, elyvilon_altar_1
D:4:      layout_basic, st_stairs_14
D:5:      black_bear_nest_1, layout_basic, mainiacjoe_overflow_paths,
          uniq_eustachio
D:6:      layout_rooms, lemuel_tele_altar, minmay_temple_entry_waves,
          serial_shops, shop_statue, st_stairs_1
D:7:      layout_rooms, uniq_menkaure
D:8:      minmay_the_grid_four_pointed_star [minmay_the_grid_triangle_9x9_empty,
          minmay_the_grid_triangle_9x9_dagger,
          minmay_the_grid_triangle_9x9_semitri,
          minmay_the_grid_triangle_9x9_checkered,
          minmay_the_grid_prize_four_corners_diamond_a], layout_rooms,
          lair_entry_dummy
D:9:      minmay_chambers_of_sixes, layout_loops_ring,
          mainiacjoe_overflow_six_doors_small, serial_shops, nicolae_shop_trees,
          uniq_maurice, uniq_joseph
D:10:     layout_rooms, chequers_avenue, david_defended_altar_orc
Temple:   eino_narrow_crystal_temple
Lair:1:   layout_regular_city, serial_bayou_shore_b
Lair:2:   layout_loops_ring, minmay_shoals_entry_hut, minivault_27
Lair:3:   layout_hall_layers, guppyfry_snake_entry_garden,
          gammafunk_ghost_arena, lemuel_oklob_altar
Lair:4:   layout_roguey
Lair:5:   layout_regular_city, serial_bayou_pond_d,
          chequers_serial_rivers_micro_b, lemuel_fruit_tree
Lair:6:   cheibrodos_lair_end_hotspot, layout_cave_shapes, slime_altar_2,
          serial_bayou_shore_a

Skill      XL: |  1  2  3  4  5  6  7  8  9 10 11 12 13 |
---------------+----------------------------------------+-----
Armour         | 4 5 6 7 9 10 11 12 13 | 13.2
Shields        | 4 5 6 7 9 11 13 14 | 14.9
Fighting       | 4 5 6 8 9 10 11 | 11.6
Maces & Flails | 3 4 5 6 8 10 11 12 13 | 13.8
Axes           | 1 2 3 4 6 |  6.1
Dodging        | 1 2 3 4 5 6 |  6.3
Invocations    | 1 4 6 7 |  7.9

Action                   |  1- 3 |  4- 6 |  7- 9 | 10-12 | 13-15 || total
-------------------------+-------+-------+-------+-------+-------++-------
Melee: Flail             |    73 |   118 |       |       |       ||   191
       Headbutt          |     5 |    19 |    47 |   178 |   121 ||   370
       Mace              |       |    33 |   206 |       |       ||   239
       Whip              |       |       |    72 |   696 |   304 ||  1072
Invok: Heroism           |       |       |     5 |     9 |     4 ||    18
       Finesse           |       |       |       |     1 |     2 ||     3
       Duel              |       |       |       |       |     1 ||     1
  Use: Scroll            |       |       |    17 |     9 |     2 ||    28
       Potion            |       |       |     2 |     4 |       ||     6
Armor: Scale mail        |    26 |    28 |   117 |    48 |       ||   219
       Chain mail        |       |       |       |   133 |   116 ||   249
Dodge: Dodged            |    29 |    55 |   116 |   155 |    96 ||   451
Block: Buckler           |    22 |    71 |   107 |    63 |       ||   263
       Reflection        |       |       |     2 |    11 |       ||    13
       Kite shield       |       |       |       |   344 |   208 ||   552

Table legend: (Time is in decaauts)
 A = Elapsed time spent in this place.
 B = Non-inter-level travel time spent in this place.
 C = Inter-level travel time spent in this place.
 D = Time resting spent in this place.
 E = Time spent auto-exploring this place.
 F = Levels seen in this place.
 G = Mean time per level.
                   A        B        C        D        E       F      G
               +--------+--------+--------+--------+--------+-----+--------+
         Total |  17488 |  16399 |   1089 |   1398 |  12704 |  18 |  971.6 |
       Dungeon |  11990 |  11014 |    976 |   1122 |   8340 |  10 | 1199.0 |
        Temple |     16 |      2 |     14 |      0 |      0 |   1 |   16.0 |
          Lair |   5455 |   5357 |     98 |    268 |   4364 |   6 |  909.2 |
         Arena |     26 |     26 |      0 |      8 |      0 |   1 |   26.0 |
               +--------+--------+--------+--------+--------+-----+--------+

Top non-repeatable levels by time:
     D:5: 1590 daAuts
  Lair:5: 1525 daAuts
     D:8: 1460 daAuts
     D:1: 1354 daAuts
     D:2: 1353 daAuts
     D:7: 1350 daAuts
     D:4: 1312 daAuts
     D:9: 1262 daAuts
  Lair:2: 1103 daAuts
     D:3: 833 daAuts
  Lair:1: 830 daAuts
     D:6: 815 daAuts
  Lair:6: 737 daAuts
  Lair:4: 730 daAuts
    D:10: 656 daAuts
